 Dungeon Crawl Stone Soup version 0.30-b1-2-g02819fbbbe (webtiles) character file.

Game seed: 16356292412243307758

38 Freyya the Chiller (level 3, -6/24 HPs)
             Began as a Merfolk Ice Elementalist on June 27, 2023.
             Mangled by Natasha (8 damage)
             ... on level 2 of the Dungeon.
             The game lasted 00:16:05 (1720 turns).

Freyya the Chiller (Merfolk Ice Elementalist)       Turns: 1720, Time: 00:16:05

Health: -6/24      AC:  2    Str:  8    XL:     3   Next: 43%
Magic:  1/6        EV: 13    Int: 16    God:
Gold:   25         SH:  0    Dex: 14    Spells: 6/7 levels left

rFire   . . .        n - +0 short sword
rCold   . . .        (no shield)
rNeg    . . .        a - +0 robe
rPois   .            (no helmet)
rElec   .            (no cloak)
rCorr   .            (no gloves)
SInv    .            (no boots)
Will    .....        (no amulet)
Stlth   ++           (no ring)
HPRegen 0.24/turn    (no ring)
MPRegen 0.10/turn

%: no passive effects
@: no status effects
A: (nimble swimmer 2), mertail
a: no special abilities


You were on level 2 of the Dungeon.
You visited 1 branch of the dungeon, and saw 2 of its levels.

You collected 25 gold pieces.

Inventory:

Hand Weapons
 e - a +0 dagger
 j - a +0 mace
 k - a +0 dagger
 n - a +0 short sword (weapon)
 p - a +0 short sword
Missiles
 f - 19 stones
Armour
 a - a +0 robe (worn)
 o - a +0 robe
Scrolls
 g - a scroll of blinking {unknown}
 i - a scroll of identify {unknown}
 l - a scroll of teleportation {unknown}
 m - a scroll of magic mapping
Potions
 b - a potion of magic
 c - a potion of might {unknown}
 d - a potion of curing {unknown}
 h - a potion of mutation {unknown}


   Skills:
 + Level 0.2 Short Blades
 + Level 2.9 Dodging
 + Level 2.2 Stealth
 + Level 2.5 Spellcasting
 + Level 5.1 Ice Magic


You had 6 spell levels left.
You knew the following spells:

 Your Spells              Type           Power      Damage    Failure   Level
a - Freeze                Ice            72%        1d8       2%          1

Your spell library contained the following spells:

 Spells                   Type           Power      Damage    Failure   Level
 Frozen Ramparts          Ice            36%        1d6       7%          3
 Ozocubu's Armour         Ice            18%        N/A       7%          3
 Summon Ice Beast         Ice/Summ       10%        N/A       56%         4
 Metabolic Englaciation   Hex/Ice        5%         N/A       88%         5
 Petrify                  Tmut/Erth      2%         N/A       89%         4
 Statue Form              Tmut/Erth      1%         N/A       100%        6


Dungeon Overview and Level Annotations

Branches:
Dungeon (2/15)

Altars:

Annotations:
D:2 Natasha


Innate Abilities, Weirdness & Mutations

((You are very nimble when in or above water. (Stealth+, EV+, Speed+++)))
Your lower body shifts to a powerful aquatic tail in water.


Message History

Press: ? - help, Shift-Dir - straight line, f - goblin
Aim: a goblin, wielding a +0 dagger You freeze the goblin.
The goblin is heavily wounded.
The goblin shouts!
Natasha mumbles some strange words.
The goblin hits you but does no damage.
Casting: Freeze (safe; 2% risk of failure)
Confirm with . or Enter, or press ? or * to list all spells.
Aiming: Freeze (safe; 2% risk of failure)
Press: ? - help, Shift-Dir - straight line, f/p - goblin
Aim: a goblin, wielding a +0 dagger (heavily wounded)
You freeze the goblin!
You kill the goblin!
The goblin shouts!
Casting: Freeze (safe; 2% risk of failure)
Confirm with . or Enter, or press ? or * to list all spells.
You don't know that spell.
You hit Natasha.
Natasha is moderately wounded.
Natasha stares at you and mumbles some strange words.
The magic dart hits you.
You barely miss Natasha.
Natasha is moderately wounded.
Natasha stares at you and mumbles some strange words.
The magic dart hits you! Natasha attacks as you move away!
Natasha barely misses you. The hobgoblin closely misses you.
Casting: Freeze (safe; 2% risk of failure)
Confirm with . or Enter, or press ? or * to list all spells.
Aiming: Freeze (safe; 2% risk of failure)
Press: ? - help, Shift-Dir - straight line, f - hobgoblin
Aim: a hobgoblin You freeze the hobgoblin!
You kill the hobgoblin!
Natasha casts a spell at you. The magic dart hits you!
* * * LOW HITPOINT WARNING * * *
Natasha attacks as you move away! Natasha claws you!
You die...

#..##.##.#..#
##......<#..#
#........†#..#
#.###........#
#.# #...####.#
#.#####..# #.#
#.#...##.# #.#
####.#.#.##.# #.#
8g...g8
#....#÷#...@###.#
.......
#......####h....#
8gg..g8 #....###
#.###># .......
#....# #g# #.#
8.....8 #....#
#†# #.# .......
######
#g###.##8g....8
#.5.g)g......h.
#######.......^
#########


You could see Natasha, a cerulean imp (summoned) and 2 goblins.

Vanquished Creatures
  An adder (D:2)
  A dart slug (D:1)
  An endoplasm (D:1)
  2 giant cockroaches
  5 goblins
  3 hobgoblins
  4 kobolds
  A quokka (D:2)
  2 bats
  A frilled lizard (D:1)
  2 rats
23 creatures vanquished.

Notes
Turn   | Place    | Note
-------+----------+-------------------------------------------
     0 | D:1      | Freyya the Merfolk Ice Elementalist began the quest for the
                  | Orb.
     0 | D:1      | Reached XP level 1. HP: 13/13 MP: 3/3
   187 | D:1      | Reached XP level 2. HP: 19/19 MP: 0/5
  1130 | D:2      | Reached skill level 5 in Ice Magic
  1205 | D:2      | Reached XP level 3. HP: 14/24 MP: 0/6
  1688 | D:2      | Noticed Natasha
  1716 | D:2      | HP: 1/24 [Natasha/magic dart (9)]
  1720 | D:2      | Mangled by Natasha

Illustrated notes

Levels and vault maps discovered:
D:1:      minmay_arrival_checkered_box, layout_basic, hex_large,
          serial_park_tiny_1
D:2:      kennysheep_the_goblin_king, layout_basic, minmay_hexomino_p4,
          uniq_sigmund, uniq_natasha, uniq_terence

Skill      XL: |  1  2 |
---------------+-------+-----
Ice Magic      | 5 |  5.1
Short Blades   | |  0.2
Dodging        | |  2.9
Stealth        | |  2.2
Spellcasting   | |  2.5

Action                     || total
---------------------------++-------
  Melee: Unarmed           ||     1
         Dagger            ||     7
         Short sword       ||     8
   Cast: Freeze            ||    41
    Use: Scroll            ||     1
 Armour: Robe              ||     9
  Dodge: Dodged            ||    26
